 Dungeon Crawl Stone Soup version 0.19.1 (webtiles) character file.

299 Pasabolo the Slasher (level 6, -2/47 HPs)
             Began as a Human Fighter on Dec 17, 2016.
             Slain by an ogre
             ... wielding a +0 giant club
              (13 damage)
             ... on level 5 of the Dungeon.
             The game lasted 00:51:50 (4279 turns).

Pasabolo the Slasher (Human Fighter)                Turns: 4279, Time: 00:51:51

Health: -2/47      AC:  9    Str: 17      XL:     6   Next: 63%
Magic:  6/6        EV:  6    Int:  8      God:    Xom [.*....]
Gold:   242        SH:  8    Dex: 11 (14) Spells: 0 memorised, 5 levels left

rFire  . . .     SeeInvis .     a - +0 long sword
rCold  . . .     Gourm    .     b - +0 scale mail
rNeg   . . .     Faith    .     c - +0 shield
rPois  .         Spirit   .     o - +0 helmet
rElec  .         Reflect  .     (no cloak)
rCorr  .         Harm     .     i - +0 pair of gloves
MR     .....                    (no boots)
Stlth  ..........               (no amulet)
                                (no ring)
                                (no ring)

@: drained
A: no striking features
a: Renounce Religion


You were on level 5 of the Dungeon.
You worshipped Xom.
You were a plaything of Xom.
You were hungry.

You visited 1 branch of the dungeon, and saw 5 of its levels.

You collected 242 gold pieces.

Inventory:

Hand Weapons
 a - a +0 long sword (weapon)
 d - a +2 short sword of venom
 k - a +0 hand axe
 H - a +0 trident
Missiles
 e - 2 throwing nets (quivered)
 g - 21 stones
 m - 26 bolts
 u - 4 tomahawks
Armour
 b - a +0 scale mail (worn)
 c - a +0 shield (worn)
 i - a +0 pair of gloves (worn)
 l - a +0 robe
 o - a +0 helmet (worn)
 w - a cursed +0 ring mail
 y - a +0 animal skin
 A - a +0 helmet of intelligence
Wands
 z - a wand of iceblast (4/15)
 C - a wand of lightning (7/15)
Scrolls
 f - a scroll of recharging {unknown}
 n - a scroll of teleportation
 s - a scroll of identify
 B - 2 scrolls of magic mapping
Potions
 h - a potion of cure mutation
 q - a potion of haste {unknown}
 D - a potion of brilliance {unknown}
 F - 2 potions of flight {unknown}
 G - a potion of mutation {unknown}
 I - a potion of invisibility {unknown}
Comestibles
 j - 12 fruits
 t - 2 bread rations
 x - a beef jerky
 E - a meat ration
 J - a slice of pizza


   Skills:
 + Level 3.5(2.3) Fighting
 * Level 4.6(3.5) Long Blades
 * Level 4.2(3.1) Armour
 + Level 1.1(0.0) Dodging
 + Level 1.0(0.0) Stealth
 + Level 3.5(2.3) Shields


You had 5 spell levels left.
You didn't know any spells.

Dungeon Overview and Level Annotations

Branches:
Dungeon (5/15)
 Temple: D:4-7

Altars:
Makhleb
Sif Muna
Xom
The Shining One


Message History

An ogre comes into view. It is wielding a giant club.
The ogre shouts!
Found a stone staircase leading up.
That item cannot be evoked!
You block the ogre's attack.
Xom decides to rearrange the pieces.
You swap places with the ogre.
The ogre looks rather confused.
The ogre asks, "Where am I?"
The ogre hits itself with a giant club!!
The ogre seems less confused.
You completely miss the ogre.
The ogre is severely wounded.
The ogre hits you but does no damage.
Your shield prevents you from hitting the ogre.
The ogre is severely wounded.
You block the ogre's attack.
You barely miss the ogre.
The ogre is severely wounded.
The ogre hits you with a giant club!
You die...

*,,,,,,,,,*,,,,,#..,*,,
*,,,*##+###*..,,#.,,*,,
*,,,*#....##..,,*,,,*,,
*,,,*#.......,,,*,,,*,,
*,,,,#......,,,,*,,,*,,
*,,,,#....#*,,,**,,,*,,
*,,,,#....#***+**,,,*,,
*,,,,#....#,,,,*,,,,*,,
*,,,,#@O..#,,,,*,,,,*,,
*,,,,#....#,,,,*,,,,+,,
*,,,,#....#,,,,*,,,,*,,
*,,,,#....#,,,,+,,,,*,,
*,,,,#....#,,,,*,,,,*,,
*****#....+,,,,*,,,,*,,
#..###*,,,**,,,*,,
*##+#********,,,*,,
*,,,,,,,,,,,*,,,*,,


You could see an ogre.

Vanquished Creatures
  An orc priest (D:4)
  Jessica (D:3)
  A worker ant (D:4)
  Natasha (D:3)
  2 orc wizards (D:4)
  Robin (D:3)
  5 adders
  2 oozes (D:3)
  2 worms
  A dart slug (D:2)
  2 leopard geckos
  2 orcs (D:4)
  16 goblins
  9 hobgoblins
  3 jackals (D:1)
  3 quokkas
  4 bats
  4 frilled lizards
  5 kobolds
  A leopard gecko skeleton (D:4)
  8 rats
74 creatures vanquished.

Notes
Turn   | Place    | Note
-------+----------+-------------------------------------------
     0 | D:1      | Pasabolo the Human Fighter began the quest for the Orb.
     0 | D:1      | Reached XP level 1. HP: 18/18 MP: 1/1
   103 | D:1      | Reached XP level 2. HP: 18/24 MP: 2/2
   682 | D:1      | Reached XP level 3. HP: 26/29 MP: 3/3
   896 | D:1      | Found a shimmering altar of Xom.
   898 | D:1      | Found a hide-covered altar of Uskayaw.
   898 | D:1      | Found a hazy altar of Hepliaklqana.
   900 | D:1      | Found an iron altar of Okawaru.
   900 | D:1      | Found a burning altar of Makhleb.
   900 | D:1      | Found a sparkling altar of Nemelex Xobeh.
   940 | D:1      | Became a worshipper of Xom the Less-Predictable
  1014 | D:1      | XOM: silly message
  1039 | D:2      | XOM: smoke on damage
  1167 | D:2      | XOM: harmless Pois miscast
  1354 | D:2      | Reached XP level 4. HP: 35/35 MP: 4/4
  1430 | D:2      | XOM: potion effect (brilliance)
  1608 | D:2      | Found a glowing golden altar of the Shining One.
  1617 | D:2      | Found a burning altar of Makhleb.
  1633 | D:2      | Found a deep blue altar of Sif Muna.
  1644 | D:2      | XOM: cast spell 'Ice Form'
  1677 | D:2      | XOM: potion effect (invisibility)
  1933 | D:3      | Noticed Jessica
  1939 | D:3      | XOM: divination: magic mapping
  1964 | D:3      | Killed Jessica
  1964 | D:3      | Reached XP level 5. HP: 32/41 MP: 5/5
  2211 | D:3      | Noticed Robin
  2242 | D:3      | XOM: potion effect (invisibility)
  2247 | D:3      | Killed Robin
  2471 | D:3      | XOM: god gift: 12 gold pieces
  2632 | D:3      | Noticed Natasha
  2634 | D:3      | XOM: enchant monster (bad)
  2660 | D:3      | XOM is BORED!
  2660 | D:3      | XOM: blink monster(s)
  2674 | D:3      | Killed Natasha
  3115 | D:4      | XOM: mild Fire miscast
  3177 | D:4      | XOM: medium Divn miscast
  3283 | D:4      | Reached XP level 6. HP: 41/47 MP: 6/6
  3284 | D:4      | XOM: destruction
  3335 | D:4      | XOM: polymorph orc wizard -> worker ant
  3340 | D:4      | Reached skill level 1 in Dodging
  3609 | D:4      | XOM: cloud trail
  3619 | D:4      | XOM: silly message
  3637 | D:4      | Reached skill level 1 in Stealth
  3901 | D:5      | Entered Level 5 of the Dungeon
  3979 | D:5      | Noticed a sky beast
  3999 | D:5      | XOM: draining
  4002 | D:5      | XOM: harmless Pois miscast
  4007 | D:5      | XOM: summons 3 hostile demons
  4008 | D:5      | Noticed a chaos spawn
  4241 | D:4      | You fall through a shaft!
  4245 | D:5      | XOM: summons 3 hostile demons
  4258 | D:5      | XOM: polymorph crimson imp -> quasit
  4269 | D:5      | Noticed an ogre
  4272 | D:5      | XOM: swap monsters
  4279 | D:5      | Slain by an ogre

Skill      XL: |  1  2  3  4  5  6 |
---------------+-------------------+-----
Long Blades    | 3 4 |  4.6
Armour         | 4 |  4.2
Dodging        | 1 |  1.1
Stealth        | 1 |  1.0
Fighting       | |  3.5
Shields        | |  3.5

Action                   |  1- 3 |  4- 6 || total
-------------------------+-------+-------++-------
Melee: Long sword        |   122 |   200 ||   322
       Unarmed           |       |     3 ||     3
  Use: Potion            |       |     5 ||     5
       Scroll            |       |     5 ||     5
 Stab: Invisible         |       |     1 ||     1
       Petrified         |       |     4 ||     4
  Eat: Fruit             |     1 |     1 ||     2
       Bread ration      |     1 |       ||     1
       Meat ration       |       |     1 ||     1
Armor: Scale mail        |    71 |   215 ||   286
       Skin              |       |     3 ||     3
Dodge: Dodged            |    30 |   111 ||   141
Block: Shield            |    63 |   135 ||   198
       Rpst.: Long sword |     9 |    32 ||    41
